 Dungeon Sprint DCSS version 0.21.2 (webtiles) character file.

5477 Fang the Severer (level 10, -5/109 HPs)
             Began as a Gargoyle Berserker on Sept 25, 2018.
             Was the Champion of Trog.
             Slain by an orc knight
             ... wielding a +1 battleaxe
              (17 damage)
             ... in the Dungeon (Sprint IX: "|||||||||||||||||||||||||||||") on Sept 26, 2018.
             The game lasted 00:05:49 (1644 turns).

Fang the Severer (Gargoyle Berserker)               Turns: 1644, Time: 00:05:50

Health: -5/109     AC: 24    Str: 29    XL:     10   Next: 69%
Magic:  3/3        EV: 10    Int:  8    God:    Trog [******]
Gold:   34         SH:  0    Dex: 12    Spells: 9/9 levels left

rFire    . . .     SeeInvis .   y - +3 executioner's axe (antimagic)
rCold    . . .     Gourm    .   (shield currently unavailable)
rNeg     + . .     Faith    .   p - +0 plate armour
rPois    ∞         Spirit   .   (no helmet)
rElec    +         Reflect  .   (no cloak)
rCorr    .         Harm     .   (no gloves)
MR       .....     NoTele   +   (no boots)
Stlth    ..........             (no amulet)
HPRegen  0.28/turn              n - +2 ring of protection
MPRegen  0.08/turn              o - +3 ring of dexterity

@: berserking (expiring), very quick
A: negative energy resistance 1, electricity resistance, unbreathing,
petrification resistance, rot immunity, AC +7
a: Berserk, Trog's Hand, Brothers in Arms, Burn Spellbooks, Renounce Religion


You were in the Dungeon.
You worshipped Trog.
Trog was exalted by your worship.
You were hungry.

You visited 1 branch You collected 34 gold pieces.

Inventory:

Hand Weapons
 a - a +0 hand axe
 m - a +1 broad axe of chopping
 q - a +1 battleaxe of flaming
 v - a +5 war axe of freezing
 y - a +3 antimagic executioner's axe (weapon)
Armour
 p - a +0 plate armour (worn)
Jewellery
 n - a +2 ring of protection (left hand)
 o - a +3 ring of dexterity (right hand)
Wands
 l - a wand of iceblast (10)
Scrolls
 i - 2 scrolls of blinking
 k - 5 scrolls of remove curse
 s - a scroll of fog
 t - a scroll of fear
 u - a scroll of identify
 x - a scroll of enchant armour
Potions
 b - a potion of agility
 d - 6 potions of curing
 e - 7 potions of heal wounds
 f - a potion of haste
 g - 4 potions of magic
 h - a potion of berserk rage
 j - a potion of invisibility
 r - a potion of might
Comestibles
 c - 11 rations
 w - a chunk of flesh


   Skills:
 + Level 13.3 Fighting
 + Level 16.2 Axes
 + Level 11.4 Armour
 + Level 5.1 Dodging
 + Level 0.4 Stealth


You had 9 spell levels left.
You didn't know any spells.

Dungeon Overview and Level Annotations

Branches:
Dungeon (1/1)

Altars:
Cheibriados
Dithmenos
Elyvilon
Fedhas
Gozag
Hepliaklqana
Kikubaaqudgha
Makhleb
Nemelex Xobeh
Okawaru
Qazlal
Ru
Sif Muna
Trog
Uskayaw
Vehumet
Wu Jian
Xom
Yredelemnul
Zin
The Shining One
Beogh
Jiyva
Lugonu


Innate Abilities, Weirdness & Mutations

You are resistant to torment.
Your stone body is resilient. (AC +7)
You are immune to poison.
You resist negative energy. (rN+)
You are resistant to electric shocks. (rElec)
You can survive without breathing.
You are immune to petrification.
You are immune to rotting.


Message History

You hit the orc knight.
The orc knight is lightly wounded.
Unknown command.
You slice the orc knight!!
The orc knight is heavily wounded.
The orc knight barely misses you.
Unknown command.
You slice the orc knight!!
The orc knight is almost dead.
The orc knight hits you but does no damage.
Unknown command.
You closely miss the orc knight.
The orc knight is almost dead.
An orc comes into view. It is wielding a flail.
Unknown command.
You closely miss the orc knight.
The orc knight is almost dead.
The orc shouts!
The orc knight hits you with an enchanted battleaxe!
You die...

▓.▓.▓.▓.▓)▓
▓.▓.▓.▓.▓)▓
▓.▓.▓.▓.▓.▓
▓.▓.▓'▓.▓.▓
▓.▓.▓.▓.▓(▓
▓.▓.▓.▓.▓(▓
▓.▓)▓.▓.▓)▓
▓.▓.▓.▓.▓÷▓
▓@▓.▓.▓.▓)▓
▓o▓.▓[▓.▓.▓
▓o▓.▓)▓.▓.▓
▓o▓.▓(▓.▓.▓
▓o▓.▓.▓.▓'▓
▓o▓.▓.▓.▓_▓
▓$▓.▓.▓.▓_▓
▓o▓.▓.▓.▓_▓
▓.▓÷▓.▓_▓


You could see an orc knight, 2 orc warriors and 3 orcs.

Vanquished Creatures
  An ettin (D)
  Erolcha (D)
  Psyche (D)
  A komodo dragon (D)
  A spiny frog (D)
  3 blink frogs (D)
  2 yaks (D)
  A vampire mosquito (D)
  A water moccasin (D)
  A porcupine (D)
  An ogre (D)
  2 centaurs (D)
  A crocodile (D)
  7 bullfrogs (D)
  A scorpion (D)
  2 wights (D)
  2 crimson imps (D)
  A hound (D)
  An iguana (D)
  A worker ant (D)
  A leopard gecko (D)
  2 orcs (D)
  A goblin (D)
  A quokka (D)
  3 kobolds (D)
  A rat (D)
41 creatures vanquished.

Vanquished Creatures (collateral kills)
  A black mamba (D)
  2 spiny frogs (D)
  A hippogriff (D)
  A wyvern (D)
  A basilisk (D)
  3 water moccasins (D)
  2 bullfrogs (D)
11 creatures vanquished.

Grand Total: 52 creatures vanquished

Notes
Turn   | Place    | Note
-------+----------+-------------------------------------------
     0 | D        | Fang the Gargoyle Berserker began the quest for the Orb.
     0 | D        | Reached XP level 1. HP: 14/14 MP: 1/1
     9 | D        | Reached skill level 3 in Axes
    11 | D        | Reached ** piety under Trog
   273 | D        | Noticed a crimson imp
   273 | D        | Noticed a centaur
   273 | D        | Noticed an ogre
   278 | D        | Reached XP level 2. HP: 20/20 MP: 2/2
   284 | D        | Killed a crimson imp
   284 | D        | Reached *** piety under Trog
   284 | D        | Reached skill level 5 in Fighting
   284 | D        | Reached skill level 4 in Axes
   284 | D        | Reached XP level 3. HP: 16/26 MP: 3/3
   285 | D        | Killed a centaur
   285 | D        | Reached skill level 6 in Axes
   285 | D        | Reached XP level 4. HP: 20/32 MP: 4/4
   285 | D        | Reached XP level 5. HP: 23/37 MP: 5/5
   294 | D        | Killed an ogre
   294 | D        | Reached skill level 7 in Axes
   562 | D        | Found a roughly hewn altar of Beogh.
   562 | D        | Found a snail-covered altar of Cheibriados.
   562 | D        | Found a shadowy altar of Dithmenos.
   562 | D        | Found a white marble altar of Elyvilon.
   562 | D        | Found a blossoming altar of Fedhas.
   562 | D        | Found an opulent altar of Gozag.
   563 | D        | Found a hazy altar of Hepliaklqana.
   564 | D        | Found a viscous altar of Jiyva.
   565 | D        | Found an ancient bone altar of Kikubaaqudgha.
   566 | D        | Found a corrupted altar of Lugonu.
   567 | D        | Found a burning altar of Makhleb.
   568 | D        | Found a sparkling altar of Nemelex Xobeh.
   569 | D        | Found an iron altar of Okawaru.
   570 | D        | Found a stormy altar of Qazlal.
   571 | D        | Found a sacrificial altar of Ru.
   572 | D        | Found a deep blue altar of Sif Muna.
   573 | D        | Found a bloodstained altar of Trog.
   574 | D        | Found a hide-covered altar of Uskayaw.
   575 | D        | Found a radiant altar of Vehumet.
   576 | D        | Found an ornate altar of the Wu Jian Council.
   577 | D        | Found a shimmering altar of Xom.
   578 | D        | Found a basalt altar of Yredelemnul.
   579 | D        | Found a glowing silver altar of Zin.
   580 | D        | Found a glowing golden altar of the Shining One.
   632 | D        | Noticed a centaur
   636 | D        | Reached **** piety under Trog
   636 | D        | Reached skill level 8 in Axes
   636 | D        | Reached XP level 6. HP: 45/45 MP: 6/6
   642 | D        | Reached skill level 9 in Axes
   642 | D        | Reached skill level 5 in Armour
   645 | D        | Reached XP level 7. HP: 51/51 MP: 7/7
   648 | D        | Reached ***** piety under Trog
   648 | D        | Reached skill level 10 in Axes
   794 | D        | Reached skill level 10 in Fighting
   800 | D        | Received a gift from Trog
  1028 | D        | Noticed a yak
  1028 | D        | Noticed a komodo dragon
  1028 | D        | Noticed a yak
  1034 | D        | Killed a yak
  1034 | D        | Reached skill level 11 in Axes
  1034 | D        | Reached XP level 8. HP: 59/59 MP: 8/8
  1040 | D        | Killed a komodo dragon
  1044 | D        | Reached skill level 12 in Axes
  1048 | D        | Killed a yak
  1049 | D        | Noticed a hippogriff
  1059 | D        | Reached ****** piety under Trog
  1065 | D        | Reached skill level 13 in Axes
  1065 | D        | Reached XP level 9. HP: 12/64 MP: 9/9
  1325 | D        | Noticed a black mamba
  1325 | D        | Noticed a spiny frog
  1325 | D        | Noticed a spiny frog
  1333 | D        | Killed a black mamba
  1336 | D        | Killed a spiny frog
  1336 | D        | Received a gift from Trog
  1339 | D        | Killed a spiny frog
  1340 | D        | Reached skill level 5 in Dodging
  1344 | D        | Reached skill level 14 in Axes
  1378 | D        | Noticed a spiny frog
  1383 | D        | Killed a spiny frog
  1391 | D        | Reached XP level 10. HP: 72/72 MP: 10/10
  1397 | D        | Reached skill level 15 in Axes
  1397 | D        | Reached skill level 10 in Armour
  1483 | D        | Noticed Erolcha
  1489 | D        | Killed Erolcha
  1489 | D        | Received a gift from Trog
  1520 | D        | Noticed Psyche
  1525 | D        | Killed Psyche
  1632 | D        | Noticed an ettin
  1632 | D        | Noticed an orc knight
  1638 | D        | Killed an ettin
  1638 | D        | Reached skill level 16 in Axes
  1644 | D        | Slain by an orc knight

Skill      XL: |  1  2  3  4  5  6  7  8  9 10 |
---------------+-------------------------------+-----
Axes           | 3 4 6 8 9 11 13 14 16 | 16.2
Fighting       | 4 5 6 8 9 10 11 12 13 | 13.3
Armour         | 3 4 5 6 7 9 11 | 11.4
Dodging        | 2 3 4 5 |  5.1
Stealth        | |  0.4

Action                   |  1- 3 |  4- 6 |  7- 9 | 10-12 || total
-------------------------+-------+-------+-------+-------++-------
Melee: Hand axe          |    25 |     7 |       |       ||    32
       Broad axe         |       |    11 |    14 |       ||    25
       Battleaxe         |       |       |    33 |       ||    33
       War axe           |       |       |    12 |     8 ||    20
       Executioner's axe |       |       |       |    14 ||    14
Invok: Berserk           |     1 |     1 |     3 |     1 ||     6
       Brothers in Arms  |       |       |     3 |       ||     3
  Eat: Chunk             |       |       |     6 |     2 ||     8
Armor: Animal skin       |     4 |     2 |       |       ||     6
       Plate armour      |       |     7 |    29 |     3 ||    39
Dodge: Dodged            |    13 |     6 |    19 |     7 ||    45
